AoeStats
← Unknown

African Clearing

510429401Analyzed
4v4 RM · 1d ago on Oct 1, 2026· 30m 39s· 8 players
Game mode
Random Map
Map size
Large (8 player)
Population
200
Speed
Normal
Resources
Standard
Victory
Conquest
Starting age
Dark Age
Ending age
Imperial Age
RankedLock teamsTeams togetherTeam positionsShared explorationLock speedFull tech treeHidden civsTurbo modeCheats
Victory
Defeat
🇵🇪 Huns · Peru
1138
+12
🇺🇸 Saxons · United States
1115
+12
🇨🇱 Dravidians · Chile
1038
+38
🇵🇪 Khitans · Peru
956
+18
🇺🇸 Ethiopians · United States
1045
-15
🇮🇳 Turks · India
1041
-15
🇺🇸 Varangians · United States
1027
-14
🇹🇼 Danes · Taiwan
1007
-14
Arham
3:30 Loom
16:26 Feudal Age
23:19 Castle Age
22:16 Forging
22:15 Scale Barding Armor
23:14 Bloodlines
26:21 Horse Collar
26:28 Double-Bit Axe
Mr Ben Wayde
3:49 Loom
15:02 Feudal Age
20:13 Castle Age
18:04 Arson
18:43 Bloodlines
20:20 Double-Bit Axe
20:17 Horse Collar
YJHAN
3:49 Loom
18:05 Feudal Age
24:40 Fletching
Wangdangdoodle
14:07 Feudal Age
17:48 Castle Age
17:47 Loom
mrbubbles019
7:50 Loom
12:16 Feudal Age
16:07 Double-Bit Axe
19:20 Horse Collar
19:58 Fletching
22:47 Wheelbarrow
28:16 Castle Age
29:38 Scale Barding Armor
30:24 Town Watch
Yggdrasil
6:51 Loom
14:52 Feudal Age
15:24 Double-Bit Axe
19:55 Wheelbarrow
22:31 Castle Age
22:47 Forging
23:47 Bow Saw
23:20 Domestication
25:24 Town Watch
26:38 Town Patrol
27:27 Treadmill Crane
28:33 Stone Mining
28:48 Gold Mining
30:15 Masonry
31:08 Hand Cart
locomangoaoe2
4:08 Loom
12:10 Feudal Age
12:56 Town Watch
12:58 Double-Bit Axe
17:54 Wheelbarrow
17:31 Fletching
21:37 Castle Age
20:40 Horse Collar
22:01 Padded Archer Armor
22:38 Thumb Ring
22:29 Bodkin Arrow
26:21 Ballistics
27:27 Pikeman
28:08 Squires
27:53 Gambesons
Unknown
13:05 Feudal Age
16:50 Castle Age
15:09 Double-Bit Axe
17:42 Loom
18:43 Horse Collar
19:21 Bow Saw
26:35 Wheelbarrow
25:46 Town Watch
26:54 Heavy Plow
31:47 Imperial Age
29:59 Marauders
30:22 Scale Barding Armor
30:27 Forging
30:49 Husbandry
31:00 Bloodlines
Connection lost

Rejoining the realm…

Still unreachable

The connection could not be restored.

Session expired

The server has moved on; the page needs a fresh start.